 Dungeon Crawl Stone Soup version 0.30.0-19-g36f170ea60 (webtiles) character file.

Game seed: 11469368182703591672

12362 Peloso the Carver (level 11, 0/97 HPs)
             Began as a Minotaur Fighter on May 26, 2023.
             Was a Priest of Okawaru.
             Slain by a vampire mosquito (8 damage)
             ... on level 11 of the Dungeon.
             The game lasted 00:27:33 (10071 turns).

Peloso the Carver (Minotaur Fighter)               Turns: 10071, Time: 00:27:34

Health: 0/97       AC: 15    Str: 29    XL:     11   Next: 61%
Magic:  10/10      EV:  9    Int:  5    God:    Okawaru [***...]
Gold:   1273       SH: 14    Dex: 12    Spells: 10/10 levels left

rFire   . . .        a - +7 falchion (freeze)
rCold   + . .        d - +2 buckler
rNeg    . . .        C - +1 plate armour
rPois   .            (helmet restricted)
rElec   .            (no cloak)
rCorr   .            (no gloves)
SInv    .            (no boots)
Will    .....        o - amulet of reflection Stlth
                     t - +6 ring of strength
HPRegen 0.36/turn    i - ring of protection from cold
MPRegen 0.12/turn

%: reflection
@: no status effects
A: horns 2, retaliatory headbutt
a: Renounce Religion, Heroism


You were on level 11 of the Dungeon.
You worshipped Okawaru.
Okawaru was most pleased with you.
You visited 2 branches of the dungeon, and saw 12 of its levels.
You also visited: Bailey.

You collected 1273 gold pieces.

Inventory:

Hand Weapons
 a - a +7 falchion of freezing (weapon)
 b - a +8 scimitar
 c - the +9 spear of the Past {flame, Str+3}
   (You found it on level 9 of the Dungeon)

   Str:       It affects your strength (+3).
Armour
 d - a +2 buckler (worn)
 C - a +1 plate armour (worn)
 H - a +0 chain mail
Jewellery
 i - a ring of protection from cold (right hand)
 j - a +5 ring of evasion
 n - a ring of ice
 o - an amulet of reflection (around neck)
 s - a ring of resist corrosion
 t - a +6 ring of strength (left hand)
 B - an amulet of guardian spirit
 F - a ring of magical power
 I - a ring of fire
Wands
 g - a wand of iceblast (7)
 w - a wand of light (22)
 G - a wand of flame (19)
 J - a wand of polymorph (6)
 K - a wand of digging (1)
Scrolls
 f - a scroll of noise
 k - a scroll of enchant armour
 q - a scroll of blinking {unknown}
 r - 2 scrolls of magic mapping
 u - 2 scrolls of poison {unknown}
 v - 2 scrolls of brand weapon {unknown}
 y - a scroll of vulnerability {unknown}
 E - a scroll of enchant weapon {unknown}
 L - a scroll of immolation {unknown}
Potions
 e - 3 potions of ambrosia
 p - 2 potions of brilliance
 x - 4 potions of might
 z - a potion of flight
 A - a potion of mutation
 D - a potion of resistance {unknown}
 M - a potion of berserk rage {unknown}
 N - a potion of curing {unknown}


   Skills:
 + Level 9.4 Fighting
 + Level 13.0 Long Blades
 + Level 10.2 Armour
 + Level 4.3 Dodging
 + Level 1.6 Stealth
 + Level 12.1 Shields
 + Level 1.2 Invocations
 + Level 1.0 Evocations


You had 10 spell levels left.
You didn't know any spells.
Your spell library contained the following spells:

 Spells                   Type           Power      Damage    Failure   Level
 Apportation              Tloc           0%         N/A       99%         1
 Magic Dart               Conj           0%         1d3       99%         1
 Necrotise                Necr           0%         1d4       99%         1
 Lesser Beckoning         Tloc           0%         N/A       100%        2
 Searing Ray              Conj           0%         2d4       100%        2
 Sublimation of Blood     Necr           0%         N/A       100%        2
 Wereblood                Tmut           0%         N/A       100%        2
 Gell's Gravitas          Tloc           0%         N/A       100%        3
 Teleport Other           Tloc           0%         N/A       100%        3
 Fulminant Prism          Conj/Hex       0%         3d5       100%        4
 Summon Small Mammal      Summ           Unusable   N/A       N/A         1
 Summon Hydra             Summ           Unusable   N/A       N/A         7

Dungeon Overview and Level Annotations

Branches:
Dungeon (11/15)            Temple (1/1) D:4            Lair (0/5) D:11
 Bailey (visited)
    Orc: D:9-12

Altars:
Ashenzari
Cheibriados
Dithmenos
Elyvilon
Fedhas
Gozag
Hepliaklqana
Kikubaaqudgha
Makhleb
Nemelex Xobeh
Okawaru
Qazlal
Ru
Sif Muna
Trog
Uskayaw
Vehumet
Wu Jian
Xom
Yredelemnul
Zin
The Shining One

Shops:
D:3 [   D:7 [

Portals:
Trove: D:11 (give 7 scrolls of fear)
Gauntlet: D:11

Annotations:
D:5 2 transporters, Rello's ghost, novice TeVM


Innate Abilities, Weirdness & Mutations

You have a pair of horns on your head.
You reflexively headbutt those who attack you in melee.


Message History

The shadow slips into darkness.
The shadow flickers and vanishes!
Deactivating autopickup; reactivate with Ctrl-A.
The centaur shoots an arrow.
You block the arrow with an invisible shield... and reflect it back!
The arrow hits the centaur but does no damage.
The centaur shouts!
The centaur warrior shoots an arrow.
You block the arrow with an invisible shield... and reflect it back!
The arrow hits the water moccasin!!
You kill the water moccasin!
Okawaru accepts your kill.
The centaur warrior shoots an arrow.
You block the arrow with an invisible shield... and reflect it back!
The arrow hits the centaur warrior!
You feel yourself slow down.
Okay, then.
The vampire mosquito completely misses you.
You furiously retaliate!
You headbutt the vampire mosquito!
Found 10 gold pieces.
The vampire mosquito bites you but does no damage.
The vampire mosquito bites you but does no damage.
The vampire mosquito attacks as you move away!
The vampire mosquito bites you but does no damage.
You block the vampire mosquito's attack.
Found a gate leading to a gauntlet.
You block the vampire mosquito's attack.
Found a cloak.
You feel a little less mighty now.
The orc wizard shouts!
The vampire mosquito completely misses you.
The orc wizard points at you and mumbles some strange words.
The puff of flame hits you.
* * * LOW HITPOINT WARNING * * *
The orc wizard gestures at you while chanting.
The magic dart hits you but does no damage.
The vampire mosquito bites you but does no damage.
The vampire mosquito attacks as you move away!
The vampire mosquito bites you!
You die...

,,,,,,,,*,,,,,,,,,,,,,,,,*
,,,,,,,,,...........,,,,,*
,,,,,,,,,..........#***,,*
,,,,,,,,,.....∩....# *,,*
,,,,,,,,,..........# *,,*
,,,,,,,,,.P........# *..*
,,,,,,,,,o..^......####..*
,P.P...P.................*
...>..P.P.......@.......$*
.....P?.P.P.....y........*
...P...P{..######........*
P..........# #c.......*
P.P........# #F.......*
.P.P.....c.######........*
CP........ccc............*
....P.P.P..>F...F..####..*
P....P..#..######..# *,.*


You could see a centaur warrior, a vampire mosquito, a bullfrog and an orc
wizard.

Vanquished Creatures
  3 two-headed ogres
  2 orc knights (Bailey)
  A cyclops (D:11)
  2 ugly things (D:11)
  A manticore (D:11)
  Joseph (D:7)
  A freezing wraith (D:11)
  3 trolls
  A guardian mummy (D:11)
  6 yaks
  2 shadows (D:11)
  5 vampire mosquitoes
  3 water moccasins
  5 orc warriors
  A black bear (D:5)
  4 ice beasts
  A sky beast (D:6)
  An ogre (D:5)
  6 centaurs
  A phantom (D:6)
  8 kobold brigands
  2 bullfrogs
  4 scorpions
  2 gnoll sergeants
  13 wights
  6 killer bees (D:10)
  2 howler monkeys
  3 orc priests
  A gnoll bouda (D:8)
  4 hounds
  3 iguanas
  8 orc wizards
  14 adders
  12 gnolls
  2 shadow imps (D:7)
  2 white imps
  A worm (D:2)
  7 dart slugs
  41 orcs
  10 bats
  5 endoplasms
  3 giant cockroaches
  15 goblins
  8 hobgoblins
  2 jackals (D:1)
  26 kobolds
  A quokka (D:2)
  5 ball pythons
  3 frilled lizards
  4 rats
  A spectral hobgoblin (D:6)
268 creatures vanquished.

Vanquished Creatures (others)
  An unseen horror (D:11)
  An orc warrior (Bailey)
  2 kobold brigands
  A sleepcap (D:7)
5 creatures vanquished.

Grand Total: 273 creatures vanquished

Notes
Turn   | Place    | Note
-------+----------+-------------------------------------------
     0 | D:1      | Peloso the Minotaur Fighter began the quest for the Orb.
     0 | D:1      | Reached XP level 1. HP: 19/19 MP: 0/0
   200 | D:1      | Reached XP level 2. HP: 27/27 MP: 1/1
   885 | D:2      | Reached XP level 3. HP: 31/33 MP: 2/2
   928 | D:2      | Reached skill level 3 in Long Blades
  1144 | D:2      | Reached XP level 4. HP: 37/40 MP: 3/3
  1416 | D:2      | Reached skill level 1 in Dodging
  1607 | D:2      | Found a faded altar of an unknown god.
  1918 | D:3      | Found Nizxil's Antique Armour Shop.
  2276 | D:3      | Found a white marble altar of Elyvilon.
  2370 | D:3      | Found a basalt altar of Yredelemnul.
  2379 | D:3      | Found a bloodstained altar of Trog.
  2652 | D:4      | Reached XP level 5. HP: 44/46 MP: 4/4
  2670 | D:4      | Reached skill level 4 in Long Blades
  2670 | D:4      | Reached skill level 5 in Armour
  2911 | D:4      | Reached XP level 6. HP: 33/55 MP: 5/5
  3004 | D:4      | Found a staircase to the Ecumenical Temple.
  3009 | Temple   | Entered the Ecumenical Temple
  3308 | D:5      | Entered Level 5 of the Dungeon
  3407 | D:5      | Found a transporter.
  3407 | D:5      | Noticed Rello's ghost (novice TeVM)
  3408 | D:5      | Noticed a steam dragon
  3411 | D:5      | Found a transporter.
  3550 | D:5      | Reached skill level 5 in Fighting
  3555 | D:5      | Reached skill level 5 in Long Blades
  3594 | D:5      | Reached XP level 7. HP: 61/61 MP: 6/6
  3603 | D:5      | Reached skill level 5 in Shields
  3704 | D:5      | Reached skill level 6 in Long Blades
  4328 | D:6      | Reached XP level 8. HP: 70/70 MP: 7/7
  4376 | D:6      | Reached skill level 7 in Long Blades
  4432 | D:6      | Found a broken altar of Ashenzari.
  4840 | D:6      | Found a hazy altar of Hepliaklqana.
  5793 | D:7      | Found a radiant altar of Vehumet.
  5860 | D:7      | Noticed Joseph
  5864 | D:7      | Killed Joseph
  5865 | D:7      | Reached skill level 8 in Long Blades
  5865 | D:7      | Found Toafuud's Armour Emporium.
  5890 | D:7      | Reached XP level 9. HP: 41/78 MP: 8/8
  6056 | D:7      | Reached skill level 9 in Long Blades
  6304 | D:8      | Noticed a troll
  6315 | D:8      | Killed a troll
  6316 | D:8      | Reached skill level 1 in Stealth
  6763 | D:8      | Noticed a troll
  6771 | D:8      | Killed a troll
  6772 | D:8      | Reached skill level 10 in Long Blades
  7429 | D:9      | Reached XP level 10. HP: 70/88 MP: 9/9
  7615 | D:9      | Found an iron altar of Okawaru.
  7619 | D:9      | Found a glowing golden altar of the Shining One.
  7623 | D:9      | Became a worshipper of Warmaster Okawaru
  7631 | D:9      | Found a burning altar of Makhleb.
  7708 | D:9      | Identified the +9 spear of the Past {flame, Str+3}
  7717 | D:9      | Found a hide-covered altar of Uskayaw.
  7763 | D:9      | Noticed a two-headed ogre
  7773 | D:9      | Killed a two-headed ogre
  8067 | D:10     | Entered Level 10 of the Dungeon
  8256 | D:10     | Reached skill level 11 in Long Blades
  8264 | D:10     | Reached * piety under Okawaru
  8349 | D:10     | Found a flagged portal.
  8432 | Bailey   | Entered a bailey
  8495 | Bailey   | Reached skill level 10 in Shields
  8667 | Bailey   | Noticed an orc knight
  8678 | Bailey   | Killed an orc knight
  8886 | Bailey   | Noticed an orc knight
  8933 | Bailey   | Killed an orc knight
  9141 | Bailey   | Found an iron altar of Okawaru.
  9221 | D:10     | Reached ** piety under Okawaru
  9329 | D:10     | Found a stormy altar of Qazlal.
  9359 | D:10     | Reached skill level 12 in Long Blades
  9380 | D:10     | Reached XP level 11. HP: 56/95 MP: 10/10
  9828 | D:10     | Noticed a two-headed ogre
  9836 | D:10     | Killed a two-headed ogre
  9837 | D:10     | Reached skill level 1 in Evocations
  9917 | D:11     | Noticed a brown ugly thing
  9923 | D:11     | Noticed a green ugly thing
  9931 | D:11     | Killed a brown ugly thing
  9940 | D:11     | Noticed a two-headed ogre
  9942 | D:11     | Killed a green ugly thing
  9951 | D:11     | Killed a two-headed ogre
  9951 | D:11     | Reached *** piety under Okawaru
  9951 | D:11     | Noticed an ettin
  9964 | D:11     | Found a portal to a secret trove of treasure.
  9989 | D:11     | Noticed a purple ugly thing
  9996 | D:11     | Noticed a boulder beetle
  9996 | D:11     | Noticed a cyan ugly thing
  9998 | D:11     | Noticed a centaur warrior
  9998 | D:11     | Noticed a two-headed ogre
 10005 | D:11     | Reached skill level 1 in Invocations
 10022 | D:11     | Reached skill level 10 in Armour
 10029 | D:11     | Reached skill level 13 in Long Blades
 10041 | D:11     | Noticed a centaur warrior
 10055 | D:11     | Found a staircase to the Lair.
 10068 | D:11     | Found a gate leading to a gauntlet.
 10071 | D:11     | Slain by a vampire mosquito

Illustrated notes

Levels and vault maps discovered:
D:1:      evilmike_arrival_grusome_pit, layout_basic, minmay_circled_x
D:2:      layout_basic, chequers_ecumenical_altar_simple
D:3:      layout_basic, nicolae_elyvilon_temple_path, mainiacjoe_overflow_swirl,
          serial_shops, shop, minmay_misc_feat_alley
D:4:      layout_basic, temple_statues
D:5:      layout_rooms, gammafunk_ghost_arena
D:6:      old_forge, layout_basic, mainiacjoe_overflow_catwalk,
          nicolae_hepliaklqana_monster_ancestors
D:7:      layout_basic, fiery_altar_vehumet, serial_shops,
          nicolae_shop_tiny_statue_garden, uniq_joseph
D:8:      layout_basic
D:9:      layout_roguey, nicolae_uskayaw_dance_studio,
          grunt_temple_overflow_diamond, serial_bayou_crossing
D:10:     layout_irregular_city, mainiacjoe_overflow_24_doors, enter_bailey_3
D:11:     minmay_the_grid_square_5x5_5x5_mashed
          [minmay_the_grid_square_5x5_hollow_slash,
          minmay_the_grid_square_5x5_almost_minimal,
          minmay_the_grid_square_5x5_meh, minmay_the_grid_square_5x5_inset,
          minmay_the_grid_square_5x5_intrusive_squares,
          minmay_the_grid_square_5x5_detours,
          minmay_the_grid_square_5x5_prize_pseudospiral,
          minmay_the_grid_square_5x5_inverted_slash,
          minmay_the_grid_square_5x5_prize_gold,
          minmay_the_grid_square_5x5_misaligned,
          minmay_the_grid_square_5x5_forky,
          minmay_the_grid_square_5x5_hourglass,
          minmay_the_grid_square_5x5_prize_waves,
          minmay_the_grid_square_5x5_three, minmay_the_grid_square_5x5_fat_x,
          minmay_the_grid_square_5x5_moneybag,
          minmay_the_grid_square_5x5_prize_monsterx,
          minmay_the_grid_square_5x5_slash,
          minmay_the_grid_square_5x5_prize_rear_guard,
          minmay_the_grid_square_5x5_pentomino_r, minmay_the_grid_square_5x5_c,
          minmay_the_grid_square_5x5_gyroscope,
          minmay_the_grid_square_5x5_bridge,
          minmay_the_grid_square_5x5_checkered_statues,
          minmay_the_grid_square_5x5_inner_v], layout_small_grid,
          due_lair_maze_entry_diamond, nicolae_trove_entry_path_of_doom,
          gauntlet_entry_generic
Temple:   grunt_temple_mini_profane

Skill      XL: |  1  2  3  4  5  6  7  8  9 10 11 |
---------------+----------------------------------+-----
Shields        | 4 5 7 9 11 12 | 12.1
Fighting       | 4 5 6 7 8 9 |  9.4
Armour         | 4 5 6 7 8 9 10 | 10.2
Long Blades    | 3 4 5 6 8 10 12 13 | 13.0
Dodging        | 1 2 3 4 |  4.3
Stealth        | 1 |  1.6
Evocations     | 1 |  1.0
Invocations    | 1 |  1.2

Action                     |  1- 3 |  4- 6 |  7- 9 | 10-12 || total
---------------------------+-------+-------+-------+-------++-------
  Melee: Long sword        |    70 |   172 |   309 |       ||   551
         Headbutt          |     9 |    28 |    80 |    67 ||   184
         Falchion          |       |       |    34 |   253 ||   287
         Scimitar          |       |       |    23 |       ||    23
 Invoke: Heroism           |       |       |       |     8 ||     8
  Evoke: Wand              |       |       |     7 |     3 ||    10
    Use: Potion            |     1 |       |       |     8 ||     9
         Scroll            |       |     4 |     4 |     8 ||    16
 Armour: Scale mail        |    30 |    27 |       |       ||    57
         Chain mail        |       |    51 |    83 |    26 ||   160
         Plate armour      |       |       |       |    45 ||    45
  Dodge: Dodged            |    45 |   108 |    99 |    81 ||   333
  Block: Buckler           |    14 |    52 |   198 |   197 ||   461
         Reflection        |       |       |     9 |    27 ||    36
